 Dungeon Crawl Stone Soup version 0.25.1-2-g60ff931df9 (webtiles) character file.

Game seed: 16059884666530778444

79 Almogavar the Vandal (level 4, -6/29 HPs)
             Began as a Halfling Hunter on Sept 6, 2020.
             Mangled by Natasha (7 damage)
             ... on level 2 of the Dungeon.
             The game lasted 00:04:14 (1145 turns).

Almogavar the Vandal (Halfling Hunter)              Turns: 1145, Time: 00:04:15

Health: -6/29      AC:  3    Str: 13    XL:     4   Next: 62%
Magic:  4/4        EV: 15    Int:  9    God:
Gold:   54         SH:  0    Dex: 15    Spells: 3/3 levels left

rFire    . . .     SeeInvis .   b - +0 short sword
rCold    . . .     Gourm    .   (shield restricted)
rNeg     . . .     Faith    .   c - +0 leather armour
rPois    .         Spirit   .   (no helmet)
rElec    .         Reflect  .   (no cloak)
rCorr    .         Harm     .   (no gloves)
MR       .....                  (no boots)
Stlth    ++........             j - amulet of regeneration
HPRegen  0.49/turn              (no ring)
MPRegen  0.09/turn              (no ring)

@: lethally poisoned (-6 -> -7)
A: small, mutation resistance 1
a: no special abilities


You were on level 2 of the Dungeon.
You were hungry.

You visited 1 branch of the dungeon, and saw 2 of its levels.

You collected 54 gold pieces.

Inventory:

Hand Weapons
 a - a +1 hunting sling
 b - a +0 short sword (weapon)
Missiles
 d - 38 sling bullets
 i - 22 stones (quivered)
Armour
 c - a +0 leather armour (worn)
Jewellery
 j - an amulet of regeneration (around neck)
 o - an uncursed ring of see invisible {unknown}
Scrolls
 k - a scroll of fog {unknown}
 n - 3 scrolls of teleportation {unknown}
Potions
 e - 3 potions of curing {unknown}
 h - a potion of brilliance {unknown}
 l - a potion of might {unknown}
 m - 2 potions of mutation {unknown}
 p - a potion of degeneration {unknown}
 q - a potion of flight {unknown}
Comestibles
 f - a ration
 g - 4 chunks of flesh


   Skills:
 + Level 2.2 Fighting
 + Level 7.8 Slings
 + Level 0.2 Armour
 + Level 2.4 Dodging
 + Level 1.1 Stealth


You had 3 spell levels left.
You didn't know any spells.
Your spell library was empty.

Dungeon Overview and Level Annotations

Branches:
Dungeon (2/15)

Altars:
Ashenzari
Dithmenos

Annotations:
D:2 Natasha


Innate Abilities, Weirdness & Mutations

You are small and have problems with some larger weapons.
You are somewhat resistant to further mutation.


Message History

You hit the worker ant.
You kill the worker ant!
You feel sick.
You closely miss Natasha. Natasha claws you. Natasha misses you.
You hit Natasha.
Natasha is moderately wounded.
You feel sick. Natasha claws you.
* * * LOW HITPOINT WARNING * * *
You closely miss Natasha.
Natasha is moderately wounded.
Natasha claws you.
* * * LOW HITPOINT WARNING * * *
The crimson imp shouts!
You hit Natasha but do no damage.
Natasha is moderately wounded.
* * * LOW HITPOINT WARNING * * *
You feel sick. The white imp puffs mist at you. Natasha claws you!
You die...

... ..# #.##..###..##.. ###.##
#.# ####.###..#..###..
##.....##.# #.....##.....##...
#.......#.# #......÷....).....
#(......#.######...##.........##.
(..(_...h..##.....####..._...####
#(..(.(.#..##.###..##.........##.
#.......#.5##.###................
##?....##.....5h@.#..##.....##...
####.####....####...###..#..###..
..........##.# ##...##..###..##..
......[..###.. #........###......
.........####..#.##..##..#...#.#.
......###>## #........#..........
......# #..#####.##..............
...)..###..##....####............
.......##...#÷# ##...........


You could see Natasha, a crimson imp (summoned) and a white imp (summoned).

Vanquished Creatures
  A worker ant (D:2)
  An adder (D:2)
  3 leopard geckos
  3 giant cockroaches
  3 hobgoblins (D:1)
  2 jackals (D:2)
  A ball python (D:1)
  7 bats
  3 frilled lizards (D:2)
  5 goblins
  9 kobolds
  4 rats
42 creatures vanquished.

Notes
Turn   | Place    | Note
-------+----------+-------------------------------------------
     0 | D:1      | Almogavar the Halfling Hunter began the quest for the Orb.
     0 | D:1      | Reached XP level 1. HP: 14/14 MP: 1/1
     2 | D:1      | Noticed a ghoul
     2 | D:1      | Noticed a vine stalker
     4 | D:1      | Noticed a gargoyle
     4 | D:1      | Noticed a vampire
     6 | D:1      | Noticed a spriggan
     8 | D:1      | Noticed a troll
     8 | D:1      | Noticed a draconian
    10 | D:1      | Noticed a formicid
    12 | D:1      | Noticed a minotaur
    14 | D:1      | Noticed a tengu
    16 | D:1      | Noticed a demigod
    16 | D:1      | Noticed an ogre
    18 | D:1      | Noticed a merfolk
    18 | D:1      | Noticed an elf
    21 | D:1      | Noticed an octopode
    21 | D:1      | Noticed a naga
    23 | D:1      | Noticed a centaur
    23 | D:1      | Noticed a human
    25 | D:1      | Noticed a dwarf
    25 | D:1      | Noticed a demonspawn
    27 | D:1      | Noticed a felid
    27 | D:1      | Noticed a halfling
    34 | D:1      | Reached skill level 6 in Slings
   196 | D:1      | Reached XP level 2. HP: 19/19 MP: 2/2
   479 | D:1      | Reached XP level 3. HP: 24/24 MP: 3/3
   834 | D:2      | Reached skill level 7 in Slings
   935 | D:2      | Reached XP level 4. HP: 28/29 MP: 4/4
  1042 | D:2      | Found a shadowy altar of Dithmenos.
  1115 | D:2      | Found a shattered altar of Ashenzari.
  1123 | D:2      | Noticed Natasha
  1144 | D:2      | HP: 1/29 [Natasha (6)]
  1145 | D:2      | Mangled by Natasha

Illustrated notes

Levels and vault maps discovered:
D:1:      kb_arrival_jail, layout_loops_ring
D:2:      layout_rooms, nicolae_dithmenos_shadow_blocks, old_standard_altar,
          uniq_natasha

Skill      XL: |  1  2  3 |
---------------+----------+-----
Slings         | 6 7 |  7.8
Fighting       | 2 |  2.2
Armour         | |  0.2
Dodging        | |  2.4
Stealth        | |  1.1

Action                   |  1- 3 |  4- 6 || total
-------------------------+-------+-------++-------
Melee: Short sword       |     9 |     8 ||    17
 Fire: Hunting sling     |    86 |    18 ||   104
Armor: Leather armour    |     6 |     2 ||     8
Dodge: Dodged            |    11 |     6 ||    17
